 Dungeon Crawl Stone Soup version 0.27.1-4-g1640c2035a (webtiles) character file.

Game seed: 14021637631067678917

5433 unlimited1921 the Fighter (level 10, -3/156 (159) HPs)
             Began as a Troll Fighter on Nov 16, 2021.
             Was an Initiate of Gozag.
             Engulfed by a cloud of flame (10 damage)
             ... on level 7 of the Dungeon.
             The game lasted 00:55:15 (9892 turns).

unlimited1921 the Fighter (Troll Fighter)           Turns: 9892, Time: 00:55:16

HP:   -3/156 (159)  AC: 25    Str: 29    XL:     10   Next: 41%
MP:   9/9           EV:  1    Int:  4    God:    Gozag
Gold: 1023          SH: 10    Dex:  9    Spells: 9/9 levels left

rFire    + . .     SeeInvis .   a - +0 long sword
rCold    x . .     Faith    .   c - +0 kite shield
rNeg     + + +     Spirit   .   (armour currently unavailable)
rPois    +         Reflect  .   (helmet currently unavailable)
rElec    .         Harm     .   (cloak currently unavailable)
rCorr    .         Rampage  .   (gloves unavailable)
Will     .....     NoTele   +   (boots unavailable)
Stlth    +.........             g - amulet of regeneration
HPRegen  2.36/turn              A - ring of fire
MPRegen  0.11/turn              u - +4 ring of evasion

@: tree-form, hasted, lightly drained, very quick
A: stationary, stasis, torment immunity, boosted hp, large, unfitting armour,
(claws 3), regeneration 1, (shaggy fur 1), (tough skin 1)
a: Renounce Religion, Potion Petition, Call Merchant, Bribe Branch


You were on level 7 of the Dungeon.
You worshipped Gozag.
Gozag was most pleased with you.
You were a tree.
You visited 2 branches of the dungeon, and saw 9 of its levels.

You collected 1160 gold pieces.
You paid 137 gold pieces to Gozag.

Inventory:

Hand Weapons
 a - a +0 long sword (weapon)
 h - a +2 short sword of speed
 x - a +0 whip of flaming
 D - a +2 flail of protection
 I - a +0 hand crossbow
 J - a +3 vorpal spear
 K - a +1 spear of venom
 O - a +1 hand axe of flaming
Missiles
 f - a curare-tipped dart
 k - 27 bolts
 w - a throwing net
 H - 9 poisoned darts (quivered)
Armour
 b - a +0 robe (melded)
 c - a +0 kite shield (worn)
 p - a +0 cloak (melded)
Jewellery
 g - an amulet of regeneration (around neck)
 u - a +4 ring of evasion (right branch)
 A - a ring of fire (left branch)
Wands
 o - a wand of digging (7)
Scrolls
 i - 3 scrolls of enchant armour
 l - a scroll of enchant weapon
 m - a scroll of magic mapping
 q - 2 scrolls of teleportation {unknown}
 r - a scroll of fog {unknown}
 y - 2 scrolls of silence {unknown}
 C - a scroll of holy word {unknown}
 L - a scroll of vulnerability {unknown}
 M - a scroll of torment
Potions
 d - 2 potions of might
 e - 2 potions of heal wounds {unknown}
 j - a potion of haste
 n - a potion of attraction
 s - a potion of magic
 v - a potion of cancellation {unknown}
 z - a potion of mutation {unknown}
 B - a potion of degeneration {unknown}
 G - 2 potions of lignification
 N - a potion of brilliance {unknown}


   Skills:
 * Level 8.5 Fighting
 - Level 4.2 Long Blades
 + Level 2.3 Maces & Flails
 + Level 0.5 Polearms
 * Level 5.3 Crossbows
 + Level 0.4 Throwing
 + Level 5.1 Dodging
 - Level 0.1 Stealth
 + Level 4.9 Shields


You had 9 spell levels left.
You didn't know any spells.
Your spell library contained the following spells:

 Spells                   Type           Power      Damage    Failure   Level
 Frozen Ramparts          Ice            0%         1d2       99%         3
 Ice Form                 Ice/Tmut       0%         N/A       100%        4
 Summon Ice Beast         Ice/Summ       0%         N/A       100%        4


Dungeon Overview and Level Annotations

Branches:
Dungeon (8/15)             Temple (1/1) D:6
   Lair: D:8-11

Altars:
Ashenzari
Dithmenos
Elyvilon
Fedhas
Gozag
Hepliaklqana
Kikubaaqudgha
Nemelex Xobeh
Okawaru
Ru
Sif Muna
Trog
Uskayaw
Xom
Zin


Innate Abilities, Weirdness & Mutations

You are a tree.
Your roots penetrate the ground, keeping you stationary.
You cannot be teleported.
You are immune to unholy pain and torment.
Your maximum health is greatly increased.
Your equipment is partially melded.
You are too large for most types of armour.
((You have claws for hands.))
Your natural rate of healing is unusually fast.
((You are covered in fur. (AC +1)))
((You have tough skin. (AC +1)))


Message History

You are engulfed in blazing flames.
You resist.
You are engulfed in blazing flames.
You resist.
* * * LOW HITPOINT WARNING * * *
You are engulfed in blazing flames.
You resist.
You are engulfed in blazing flames.
You resist.
* * * LOW HITPOINT WARNING * * *
You are engulfed in blazing flames.
You resist.
* * * LOW HITPOINT WARNING * * *
Unknown command.
You are engulfed in blazing flames.
You resist.
You are engulfed in blazing flames.
You resist.
* * * LOW HITPOINT WARNING * * *
You are engulfed in blazing flames.
You resist.
* * * LOW HITPOINT WARNING * * *
You are engulfed in blazing flames.
You resist.
* * * LOW HITPOINT WARNING * * *
You are engulfed in blazing flames.
You resist.
You are engulfed in blazing flames.
You resist.
* * * LOW HITPOINT WARNING * * *
You are engulfed in blazing flames.
You resist.
* * * LOW HITPOINT WARNING * * *
You are engulfed in blazing flames.
You resist.
* * * LOW HITPOINT WARNING * * *
You are engulfed in blazing flames.
You resist.
* * * LOW HITPOINT WARNING * * *
You are engulfed in blazing flames.
You resist.
* * * LOW HITPOINT WARNING * * *
You are engulfed in blazing flames.
You resist.
* * * LOW HITPOINT WARNING * * *
Unknown command.
You are engulfed in blazing flames.
You resist.
You are engulfed in blazing flames.
You resist.
* * * LOW HITPOINT WARNING * * *
You are engulfed in blazing flames.
You resist.
You cannot move.
You're standing in a cloud of flame!
Unknown command.
You are engulfed in blazing flames.
You resist.
You die...
Your body crumbles into a pile of gold.

#.# ############
############.# ##
#..........# #............#
.###...#.####.#
#.##########.# ..........#
#.# #.# #######.#
≈≈≈≈≈≈≈≈≈.# #.# #.#
#.....#.# ≈.......≈.# #.#
#.# #.###.#.#
≈.§≈≈≈≈.≈$###.#### #.# #.#
#.#.. ≈§≈...§.≈.....$(♣#
#.# #.# #.##.
≈.≈._.≈.≈.###.##(# #.# #.#
#.##.
≈.≈...≈.≈..##.##.###.####.#
#.##.
≈.≈≈.≈≈.≈...#.##...#....#.#
#.##.
≈.......≈......###.####.#.#
#.##. ≈≈≈≈≈≈.≈≈......#.[.#
#.#.# #.##.
...............#.### #.#.#
#.##. .####...###'#'##.#
#.#.# #.##. ........#
#.#....# #.#.# #.##.


There were no monsters in sight!

Vanquished Creatures
  4 slime creatures
  Sigmund (D:3)
  5 yaks (D:7)
  A steam dragon (D:8)
  The ghost of Moogle the Sneak, an amateur OpBr (D:3)
  2 water moccasins
  2 orc warriors
  3 black bears (D:7)
  2 ice beasts
  3 sky beasts
  A necrophage (D:6)
  An ogre (D:2)
  4 centaurs
  A phantom (D:7)
  2 kobold brigands
  3 bullfrogs (D:7)
  2 gnoll sergeants
  3 scorpions
  2 water moccasin skeletons
  5 wights
  2 jellies (D:7)
  A centaur zombie (D:6)
  5 hounds
  4 orc priests
  Terence (D:3)
  3 iguanas
  5 orc wizards
  Robin (D:3)
  16 gnolls
  9 adders
  A howler monkey skeleton (D:6)
  2 shadow imps (D:7)
  2 white imps
  3 ufetubi
  An adder skeleton (D:4)
  2 worms
  2 dart slugs (D:2)
  12 orcs
  8 ball pythons
  6 bats
  7 endoplasms
  4 giant cockroaches
  15 goblins
  5 hobgoblins
  6 jackals (D:2)
  4 quokkas
  4 frilled lizards
  14 kobolds
  8 rats
201 creatures vanquished.

Vanquished Creatures (others)
  2 kobolds (D:8)
2 creatures vanquished.

Grand Total: 203 creatures vanquished

Notes
Turn   | Place    | Note
-------+----------+-------------------------------------------
     0 | D:1      | unlimited1921 the Troll Fighter began the quest for the
                  | Orb.
     0 | D:1      | Reached XP level 1. HP: 22/22 MP: 0/0
   279 | D:1      | Reached XP level 2. HP: 29/29 MP: 1/1
   331 | D:1      | Reached skill level 3 in Fighting
   370 | D:1      | Reached XP level 3. HP: 37/37 MP: 2/2
   946 | D:2      | Reached XP level 4. HP: 23/48 MP: 3/3
   983 | D:2      | Reached skill level 4 in Fighting
  1431 | D:3      | Noticed Terence
  1446 | D:3      | Killed Terence
  1470 | D:3      | Reached XP level 5. HP: 55/55 MP: 4/4
  1483 | D:3      | Found a runed translucent door.
  1483 | D:3      | Noticed an ice beast
  1484 | D:3      | Noticed Moogle's ghost (amateur OpBr)
  1547 | D:2      | Killed an ice beast
  1548 | D:2      | Reached skill level 5 in Fighting
  1604 | D:3      | Found a glowing silver altar of Zin.
  1647 | D:3      | Noticed Sigmund
  1655 | D:3      | Killed Sigmund
  1656 | D:3      | Reached skill level 6 in Fighting
  1656 | D:3      | Reached XP level 6. HP: 55/67 MP: 5/5
  1779 | D:3      | Noticed Robin
  1807 | D:3      | Killed Robin
  1985 | D:3      | Reached XP level 7. HP: 76/76 MP: 6/6
  2303 | D:3      | Killed Moogle's ghost
  2600 | D:4      | Reached skill level 7 in Fighting
  3192 | D:5      | Entered Level 5 of the Dungeon
  3352 | D:5      | Reached XP level 8. HP: 85/87 MP: 7/7
  4220 | D:6      | Found a staircase to the Ecumenical Temple.
  4252 | Temple   | Entered the Ecumenical Temple
  4271 | Temple   | Became a worshipper of Gozag Ym Sagoz the Greedy
  4306 | D:6      | Found a shimmering altar of Xom.
  4613 | D:6      | Found a shadowy altar of Dithmenos.
  4613 | D:6      | Found a blossoming altar of Fedhas.
  5009 | D:7      | Reached skill level 1 in Crossbows
  5397 | D:6      | Reached XP level 9. HP: 80/93 MP: 8/8
  5547 | D:7      | Found a broken altar of Ashenzari.
  5607 | D:7      | Found a bloodstained altar of Trog.
  5852 | D:7      | Found a hide-covered altar of Uskayaw.
  6370 | D:7      | Found a sparkling altar of Nemelex Xobeh.
  6593 | D:7      | Reached skill level 8 in Fighting
  7044 | D:7      | Reached XP level 10. HP: 78/104 MP: 9/9
  7130 | D:8      | Reached skill level 5 in Crossbows
  7175 | D:7      | Reached skill level 1 in Maces & Flails
  7198 | D:8      | Reached skill level 5 in Dodging
  9888 | D:7      | HP: 5/156 [cloud of flame (6)]
  9892 | D:7      | Engulfed by a cloud of flame

Illustrated notes

Levels and vault maps discovered:
D:1:      dpeg_arrival_chambers_temple_mockup, layout_basic,
          minmay_misc_feat_tower, minmay_pentomino_t4
D:2:      layout_rooms
D:3:      layout_loops_cross, zin_statuary, gammafunk_ghost_grave, uniq_robin,
          uniq_terence, uniq_sigmund
D:4:      layout_loops_ring
D:5:      layout_rooms
D:6:      layout_basic, old_standard_altar, gammafunk_temple_overflow_wave,
          temple_pool_b
D:7:      black_bear_nest_1, layout_basic,
          mainiacjoe_overflow_concentric_impassable, lemuel_tele_altar,
          evilmike_ruin_ashenzari, nicolae_overflow_hidden_temple,
          minmay_fractal_squares_diagonal_5
D:8:      layout_gridville, serial_shops, nicolae_shop_stone
Temple:   eino_temple_water

Skill      XL: |  1  2  3  4  5  6  7  8  9 10 |
---------------+-------------------------------+-----
Fighting       | 3 4 6 7 8 |  8.5
Long Blades    | 3 4 |  4.2
Shields        | 3 4 |  4.9
Dodging        | 3 4 5 |  5.1
Crossbows      | 1 4 5 |  5.3
Maces & Flails | 2 |  2.3
Polearms       | |  0.5
Throwing       | |  0.4
Stealth        | |  0.1

Action                   |  1- 3 |  4- 6 |  7- 9 | 10-12 || total
-------------------------+-------+-------+-------+-------++-------
Melee: Long sword        |    96 |   143 |   270 |     6 ||   515
       Flail             |       |       |    29 |   116 ||   145
       Spear             |       |       |    52 |     7 ||    59
       Hand crossbow     |       |       |     2 |       ||     2
 Fire: Hand crossbow     |       |       |   222 |    11 ||   233
Throw: Throwing net      |       |       |     1 |       ||     1
       Dart              |       |       |       |     9 ||     9
  Use: Scroll            |       |     5 |     5 |     3 ||    13
       Potion            |       |       |     4 |     5 ||     9
 Stab: Sleeping          |       |       |     1 |       ||     1
       Distracted        |       |       |       |     1 ||     1
Armor: Robe              |    41 |    68 |   190 |    40 ||   339
       Skin              |       |       |       |    20 ||    20
Dodge: Dodged            |    41 |    61 |   233 |   116 ||   451
Block: Kite shield       |    60 |   109 |   332 |   113 ||   614
       Rpst.: Long sword |    17 |    21 |    20 |     3 ||    61
